 Seeded DCSS version 0.29-a0-1009-g60c99734e7 (webtiles) character file.

Game seed: 20220808 (custom seed)

56 purpskrrrp the Sneak (level 3, -7/16 HPs)
             Began as a Spriggan Enchanter on Aug 8, 2022.
             Splashed by a jelly's acid (8 damage)
             ... on level 3 of the Dungeon.
             The game lasted 00:04:43 (1862 turns).

purpskrrrp the Sneak (Spriggan Enchanter)           Turns: 1862, Time: 00:04:45

Health: -7/16      AC:  2    Str:  4    XL:     3   Next: 71%
Magic:  8/8        EV: 17    Int: 16    God:
Gold:   738        SH:  0    Dex: 17    Spells: 7/7 levels left

rFire   . . .      SeeInvis +   a - +1 dagger
rCold   . . .      Faith    .   (no shield)
rNeg    . . .      Spirit   .   b - +0 robe
rPois   .          Reflect  .   (helmet restricted)
rElec   .          Harm     .   (no cloak)
rCorr   .          Rampage  .   (gloves unavailable)
Will    .....                   (boots unavailable)
Stlth   ++++......              (no amulet)
HPRegen 0.05/turn               (no ring)
MPRegen 0.11/turn               (no ring)

@: very quick
A: very small, no large weapons, unfitting armour, see invisible, speed 3
a: no special abilities


You were on level 3 of the Dungeon.
You visited 1 branch of the dungeon, and saw 3 of its levels.

You collected 948 gold pieces.
You spent 210 gold pieces at shops.

Inventory:

Hand Weapons
 a - a +1 dagger (weapon)
 f - a +2 whip of venom
Missiles
 e - 6 poisoned darts (quivered)
Armour
 b - a +0 robe (worn)
Jewellery
 r - an amulet of guardian spirit
Wands
 n - a wand of flame (3)
 w - a wand of roots (9)
Scrolls
 g - a scroll of blinking {unknown}
 h - a scroll of enchant armour {unknown}
 m - a scroll of poison
 p - a scroll of identify
 q - a scroll of amnesia
 u - a scroll of summoning {unknown}
 v - a scroll of teleportation {unknown}
Potions
 c - 2 potions of invisibility
 d - a potion of curing
 i - a potion of might
 j - 2 potions of attraction {unknown}
 k - a potion of resistance {unknown}
 l - a potion of magic {unknown}
 o - a potion of heal wounds
 s - a potion of brilliance {unknown}
 t - a potion of mutation {unknown}


   Skills:
 - Level 1.1 Short Blades
 - Level 2.6 Dodging
 + Level 7.3 Stealth
 - Level 2.6 Spellcasting
 - Level 3.6 Hexes


You had 7 spell levels left.
You didn't know any spells.
Your spell library contained the following spells:

 Spells                   Type           Power      Damage    Failure   Level
 Confusing Touch          Hex            13%        N/A       13%         3
 Tukima's Dance           Hex            13%        N/A       13%         3
 Ensorcelled Hibernation  Hex/Ice        14%        N/A       14%         2
 Dazzling Flash           Conj/Hex       14%        N/A       28%         3


Dungeon Overview and Level Annotations

Branches:
Dungeon (3/15)

Altars:

Shops:
D:2 *


Innate Abilities, Weirdness & Mutations

You are very small and have problems with some larger weapons.
You are too small for most types of armour.
You have supernaturally acute eyesight. (SInv)
You cover ground extremely quickly. (Speed+++)


Message History

No target in view!
No target in view!
No target in view!
No target in view!
No target in view!
No target in view!
No target in view!
No target in view!
No target in view!
No target in view!
A jelly comes into view.
The hobgoblin shouts!
The jelly quivers.
You hit the jelly.
Your hands burn!
The jelly is lightly wounded.
The jelly misses you.
You hit the jelly but do no damage.
Your hands burn!
The jelly is lightly wounded.
The jelly hits you but does no damage. The hobgoblin completely misses you.
You hit the jelly.
Your hands burn!
The jelly is moderately wounded.
The jelly barely misses you. The hobgoblin completely misses you.
You are too injured to fight recklessly!
You are too injured to fight recklessly!
You are too injured to fight recklessly!
You are too injured to fight recklessly!
You are too injured to fight recklessly!
You are too injured to fight recklessly!
You are too injured to fight recklessly!
You are too injured to fight recklessly!
You are too injured to fight recklessly!
You are too injured to fight recklessly!
You hit the jelly.
Your hands burn!
* * * LOW HITPOINT WARNING * * *
The jelly is moderately wounded.
The jelly hits you.
* * * LOW HITPOINT WARNING * * *
You are splashed with acid!
Ouch! That really hurt!
You die...

....(...........#.#.#
................#.#.#
....#...........#.#.#
....#...........#...#
....'..........####.##
.##............# .
#.........##.#.#
..####+#...#..#.#.#
......gJ@.....>...#
######.#....#..)###
#.#.##.....#
#.#......#.######
#.#...............
#.#......#.#######
#.#......#.#
#.#....#.#.#
#......#.#


You could see a jelly and a hobgoblin.

Vanquished Creatures
  Ijyb (D:3)
  3 bats
  3 endoplasms
  3 giant cockroaches
  3 goblins
  A hobgoblin (D:1)
  4 jackals (D:2)
  3 kobolds
  A quokka (D:1)
  2 ball pythons (D:1)
  A frilled lizard (D:2)
  2 rats (D:1)
27 creatures vanquished.

Notes
Turn   | Place    | Note
-------+----------+-------------------------------------------
     0 | D:1      | purpskrrrp the Spriggan Enchanter began the quest for the
                  | Orb.
     0 | D:1      | Reached XP level 1. HP: 9/9 MP: 5/5
    49 | D:1      | Reached skill level 5 in Stealth
   150 | D:1      | Reached XP level 2. HP: 13/13 MP: 6/6
   591 | D:1      | Reached skill level 6 in Stealth
   696 | D:1      | Identified a scroll of acquirement
   696 | D:1      | Acquired 885 gold pieces
   792 | D:2      | Found a faded altar of an unknown god.
   962 | D:2      | Found Wigg's General Store.
  1152 | D:2      | Bought a scroll of poison for 44 gold pieces
  1152 | D:2      | Bought a wand of flame (3) for 23 gold pieces
  1152 | D:2      | Bought a potion of heal wounds for 55 gold pieces
  1152 | D:2      | Bought a scroll of identify for 22 gold pieces
  1152 | D:2      | Bought a scroll of identify for 22 gold pieces
  1152 | D:2      | Bought a scroll of amnesia for 44 gold pieces
  1572 | D:2      | Reached XP level 3. HP: 16/16 MP: 8/8
  1673 | D:3      | Noticed Ijyb
  1678 | D:3      | Killed Ijyb
  1679 | D:3      | Reached skill level 7 in Stealth
  1862 | D:3      | Splashed by a jelly's acid

Illustrated notes

Levels and vault maps discovered:
D:1:      sevenhm_arrival_forest_fort_small_4, layout_loops_cross
D:2:      layout_basic, serial_shops, shop, basic_ecumenical_altar
D:3:      wad_river_or_something, layout_basic, uniq_jessica, uniq_sigmund,
          uniq_ijyb, uniq_robin

Skill      XL: |  1  2  3 |
---------------+----------+-----
Stealth        | 5 6 7 |  7.3
Short Blades   | |  1.1
Dodging        | |  2.6
Spellcasting   | |  2.6
Hexes          | |  3.6

Action                   || total
-------------------------++-------
Melee: Dagger            ||    73
       Punch             ||     1
  Use: Scroll            ||     3
 Stab: Sleeping          ||    11
Armor: Robe              ||     6
Dodge: Dodged            ||    60

Table legend: (Time is in decaauts)
 A = Elapsed time spent in this place.
 B = Non-inter-level travel time spent in this place.
 C = Inter-level travel time spent in this place.
 D = Time resting spent in this place.
 E = Time spent auto-exploring this place.
 F = Levels seen in this place.
 G = Mean time per level.
                   A        B        C        D        E       F      G
               +--------+--------+--------+--------+--------+-----+--------+
         Total |   1331 |   1267 |     64 |    100 |    943 |   3 |  443.7 |
       Dungeon |   1331 |   1267 |     64 |    100 |    943 |   3 |  443.7 |
               +--------+--------+--------+--------+--------+-----+--------+

Top non-repeatable levels by time:
     D:2: 615 daAuts
     D:1: 546 daAuts
     D:3: 169 daAuts
